 Dungeon Crawl Stone Soup version 0.26.1-16-g4e020e15dc (webtiles) character file.

Game seed: 16593951395432516766

1115 Froggeryz the Insei (level 8, -10/60 HPs)
             Began as a Gnoll Transmuter on Apr 9, 2024.
             Mangled by Menkaure (21 damage)
             ... on level 5 of the Dungeon.
             The game lasted 00:06:48 (6184 turns).

Froggeryz the Insei (Gnoll Transmuter)              Turns: 6184, Time: 00:06:49

Health: -10/60     AC: 11    Str: 13    XL:     8   Next: 34%
Magic:  17/17      EV: 15    Int: 16    God:
Gold:   238        SH:  0    Dex: 17    Spells: 18/19 levels left

rFire    . . .     SeeInvis .     - Unarmed
rCold    + . .     Faith    .   (no shield)
rNeg     . . .     Spirit   .   m - +2 leather armour {rC+}
rPois    +         Reflect  .   (no helmet)
rElec    .         Harm     .   (no cloak)
rCorr    +         Rampage  .   k - +2 pair of gloves {archery}
Will     .....                  g - +2 pair of boots
Stlth    ++........             (no amulet)
HPRegen  0.20/turn              p - ring of resist corrosion
MPRegen  0.15/turn              s - ring of poison resistance

@: no status effects
A: distributed training, fangs 1, strong nose
a: no special abilities


You were on level 5 of the Dungeon.
You visited 2 branches of the dungeon, and saw 6 of its levels.

You collected 238 gold pieces.

Inventory:

Missiles
 j - 6 silver boomerangs (quivered)
Armour
 c - a +0 buckler
 g - a +2 pair of boots (worn)
 k - a +2 pair of gloves of archery (worn)
 m - a +2 leather armour of cold resistance (worn)
Jewellery
 a - an uncursed ring of ice
 p - a ring of resist corrosion (left hand)
 s - a ring of poison resistance (right hand)
Wands
 h - a wand of random effects (15)
Scrolls
 e - a scroll of fear
 n - a scroll of teleportation
 q - a scroll of fog {unknown}
 t - a scroll of immolation {unknown}
Potions
 b - a potion of curing
 d - a potion of brilliance
 f - a potion of resistance {unknown}
 i - 3 potions of lignification
 o - a potion of haste
 r - a potion of cancellation {unknown}


   Skills:
 + Level 4.1 Fighting
 + Level 3.2 Short Blades
 + Level 3.2 Long Blades
 + Level 3.2 Axes
 + Level 3.2 Maces & Flails
 + Level 3.2 Polearms
 + Level 3.2 Staves
 + Level 3.2 Slings
 + Level 3.2 Bows
 + Level 3.2 Crossbows
 + Level 3.2 Throwing
 + Level 3.2 Armour
 + Level 5.6 Dodging
 + Level 3.2 Stealth
 + Level 3.2 Shields
 + Level 7.3 Unarmed Combat
 + Level 6.0 Spellcasting
 + Level 2.6 Conjurations
 + Level 2.6 Hexes
 + Level 2.6 Summonings
 + Level 2.6 Necromancy
 + Level 2.6 Translocations
 + Level 4.6 Transmutations
 + Level 2.6 Fire Magic
 + Level 2.6 Ice Magic
 + Level 2.6 Air Magic
 + Level 2.6 Earth Magic
 + Level 2.6 Poison Magic
 + Level 3.5 Invocations
 + Level 3.2 Evocations


You had 18 spell levels left.
You knew the following spells:

 Your Spells              Type           Power        Failure   Level
a - Beastly Appendage     Tmut           38%          2%          1

Your spell library contained the following spells:

 Spells                   Type           Power        Failure   Level
 Wereblood                Tmut           19%          3%          2
 Spider Form              Tmut/Pois      8%           12%         3
 Ice Form                 Ice/Tmut       16%          36%         4
 Blade Hands              Tmut           9%           56%         5


Dungeon Overview and Level Annotations

Branches:
Dungeon (5/15)             Temple (1/1) D:5

Altars:
Ashenzari
Cheibriados
Dithmenos
Elyvilon
Fedhas
Gozag
Hepliaklqana
Kikubaaqudgha
Makhleb
Nemelex Xobeh
Qazlal
Ru
Sif Muna
Trog
Uskayaw
Vehumet
Wu Jian
Xom
Yredelemnul
Zin
The Shining One

Annotations:
D:4 Edmund
D:5 Menkaure


Innate Abilities, Weirdness & Mutations

Your experience applies equally to all skills.
You have very sharp teeth.
Your uncanny sense of smell can sniff out nearby items.


Message History

You are too injured to fight recklessly!
You are too injured to fight recklessly!
You are too injured to fight recklessly!
You are too injured to fight recklessly!
You are too injured to fight recklessly!
You are too injured to fight recklessly!
You are too injured to fight recklessly!
You are too injured to fight recklessly!
You are too injured to fight recklessly!
You are too injured to fight recklessly!
You hit Menkaure but do no damage.
Menkaure is almost destroyed.
Menkaure calls on the powers of darkness!
Your body is wracked with pain!
* * * LOW HITPOINT WARNING * * *
The giant cockroach zombie closely misses you.
You hit Menkaure but do no damage.
Menkaure is almost destroyed.
Menkaure hits you!!
You die...

....... ##..........#
........# #..........#
........# ##.....#...#
........# ##....##..##
........## ##.....##..#
.........###......##..#
.........##.(......#..#
.........#............##
......M@.........)....##
......Z..........<....#.
........................
........................
......................##
..............##.....###
...........#####.....#
...........# ##....##
##......#


You could see Menkaure (fast) and a giant cockroach zombie.

Vanquished Creatures
  Sigmund (D:3)
  Duvessa (D:5)
  2 phantoms (D:5)
  An ogre (D:4)
  A centaur (D:5)
  Blork the orc (D:5)
  Dowan (D:5)
  3 orc priests
  A centaur skeleton (D:4)
  An orc wizard (D:5)
  An iguana (D:4)
  7 adders
  4 gnolls (D:5)
  A shadow imp (D:5)
  An ufetubus (D:5)
  An ooze (D:1)
  2 worms
  3 dart slugs (D:1)
  2 leopard geckos
  8 orcs
  2 ball pythons
  10 bats
  5 giant cockroaches
  3 goblins
  6 hobgoblins
  4 jackals (D:2)
  2 quokkas
  8 frilled lizards
  2 goblin skeletons (D:5)
  2 hobgoblin zombies (D:5)
  5 kobolds
  A kobold skeleton (D:5)
  2 kobold zombies (D:5)
  A leopard gecko skeleton (D:2)
  2 orc zombies (D:5)
  A quokka skeleton (D:4)
  3 rats
102 creatures vanquished.

Notes
Turn   | Place    | Note
-------+----------+-------------------------------------------
     0 | D:1      | Froggeryz the Gnoll Transmuter began the quest for the Orb.
     0 | D:1      | Reached XP level 1. HP: 17/17 MP: 6/6
   122 | D:1      | Reached XP level 2. HP: 23/23 MP: 7/7
   554 | D:1      | Reached XP level 3. HP: 28/28 MP: 9/9
   557 | D:1      | Reached skill level 5 in Spellcasting
   972 | D:2      | Reached skill level 1 in Invocations
  1215 | D:2      | Reached skill level 1 in Short Blades
  1215 | D:2      | Reached skill level 1 in Long Blades
  1215 | D:2      | Reached skill level 1 in Axes
  1215 | D:2      | Reached skill level 1 in Maces & Flails
  1215 | D:2      | Reached skill level 1 in Polearms
  1215 | D:2      | Reached skill level 1 in Staves
  1215 | D:2      | Reached skill level 1 in Slings
  1215 | D:2      | Reached skill level 1 in Bows
  1215 | D:2      | Reached skill level 1 in Crossbows
  1215 | D:2      | Reached skill level 1 in Throwing
  1215 | D:2      | Reached skill level 1 in Armour
  1215 | D:2      | Reached skill level 1 in Stealth
  1215 | D:2      | Reached skill level 1 in Shields
  1215 | D:2      | Reached skill level 1 in Evocations
  1215 | D:2      | Reached XP level 4. HP: 28/34 MP: 11/11
  1634 | D:2      | Reached skill level 1 in Conjurations
  1634 | D:2      | Reached skill level 1 in Hexes
  1634 | D:2      | Reached skill level 1 in Summonings
  1634 | D:2      | Reached skill level 1 in Necromancy
  1634 | D:2      | Reached skill level 1 in Translocations
  1634 | D:2      | Reached skill level 1 in Fire Magic
  1634 | D:2      | Reached skill level 1 in Ice Magic
  1634 | D:2      | Reached skill level 1 in Air Magic
  1634 | D:2      | Reached skill level 1 in Earth Magic
  1634 | D:2      | Reached skill level 1 in Poison Magic
  2235 | D:3      | Reached XP level 5. HP: 37/40 MP: 12/12
  2253 | D:3      | Found a burning altar of Makhleb.
  2255 | D:3      | Noticed a cacodemon
  2275 | D:3      | Noticed Sigmund
  2478 | D:3      | HP: 2/40 [orc priest/+0 flail (7)]
  2779 | D:3      | Killed Sigmund
  2780 | D:3      | Reached skill level 5 in Dodging
  2780 | D:3      | Reached XP level 6. HP: 33/47 MP: 12/14
  3097 | D:3      | You fall into a shaft and drop 1 floor!
  3133 | D:4      | Found a snail-covered altar of Cheibriados.
  3376 | D:4      | Found a radiant altar of Vehumet.
  3937 | D:4      | Reached XP level 7. HP: 52/52 MP: 13/15
  4108 | D:4      | Reached skill level 7 in Unarmed Combat
  4114 | D:4      | Found a glowing silver altar of Zin.
  4233 | D:5      | Entered Level 5 of the Dungeon
  4442 | D:5      | Noticed Edmund
  5348 | D:5      | Found a glowing golden altar of the Shining One.
  5348 | D:5      | Noticed Blork the orc
  5374 | D:5      | Killed Blork the orc
  5375 | D:5      | Reached XP level 8. HP: 46/60 MP: 16/16
  5458 | D:5      | Found a staircase to the Ecumenical Temple.
  5498 | Temple   | Entered the Ecumenical Temple
  5810 | D:5      | Noticed Duvessa
  5811 | D:5      | Noticed Dowan
  5837 | D:5      | Killed Duvessa
  5841 | D:5      | Killed Dowan
  6170 | D:5      | Noticed Menkaure
  6184 | D:5      | Mangled by Menkaure

Illustrated notes

Levels and vault maps discovered:
D:1:      dpeg_arrival_leaves_temple_mockup, layout_basic
D:2:      layout_basic
D:3:      layout_basic, makhleb_altar_promises_db, serial_glass,
          glass_columns_a, glass_columns_a, glass_columns_a, glass_columns_b,
          glass_columns_b, glass_columns_a, glass_columns_a, glass_columns_c,
          due_unseen_surprise, uniq_sigmund
D:4:      layout_cave_pools, marbit_many_paths, general_overflow_altar,
          old_standard_altar, serial_co_window_serial, co_window_paths_b,
          co_window_of_opportunity_a, co_window_paths_a, co_window_cross_1,
          co_window_of_opportunity_a, co_window_corner_b, co_window_paths_c,
          co_window_paths_c, co_window_sun, co_window_4corner_b,
          glass_columns_b, glass_columns_c
D:5:      layout_layer_cave, minmay_temple_entry_arrows,
          nicolae_tso_besieged_by_evil, uniq_crazy_yiuf_cottage, uniq_menkaure,
          uniq_duvessa, uniq_edmund, uniq_blork_the_orc
Temple:   eino_temple_scatter_basement

Skill      XL: |  1  2  3  4  5  6  7  8 |
---------------+-------------------------+-----
Spellcasting   | 5 6 |  6.0
Invocations    | 1 2 3 |  3.5
Short Blades   | 1 2 3 |  3.2
Long Blades    | 1 2 3 |  3.2
Axes           | 1 2 3 |  3.2
Maces & Flails | 1 2 3 |  3.2
Polearms       | 1 2 3 |  3.2
Staves         | 1 2 3 |  3.2
Slings         | 1 2 3 |  3.2
Bows           | 1 2 3 |  3.2
Crossbows      | 1 2 3 |  3.2
Throwing       | 1 2 3 |  3.2
Armour         | 1 2 3 |  3.2
Stealth        | 1 2 3 |  3.2
Shields        | 1 2 3 |  3.2
Evocations     | 1 2 3 |  3.2
Conjurations   | 1 2 |  2.6
Hexes          | 1 2 |  2.6
Summonings     | 1 2 |  2.6
Necromancy     | 1 2 |  2.6
Translocations | 1 2 |  2.6
Fire Magic     | 1 2 |  2.6
Ice Magic      | 1 2 |  2.6
Air Magic      | 1 2 |  2.6
Earth Magic    | 1 2 |  2.6
Poison Magic   | 1 2 |  2.6
Fighting       | 3 4 |  4.1
Transmutations | 4 |  4.6
Dodging        | 5 |  5.6
Unarmed Combat | 7 |  7.3

Action                   |  1- 3 |  4- 6 |  7- 9 || total
-------------------------+-------+-------+-------++-------
Melee: Unarmed           |    76 |   169 |   129 ||   374
       Bite              |     4 |    12 |    17 ||    33
       Punch             |       |     2 |     5 ||     7
       Headbutt          |       |     2 |    21 ||    23
       Kick              |       |     2 |    26 ||    28
Throw: Boomerang         |       |     2 |     3 ||     5
 Cast: Beastly Appendage |     1 |     3 |     6 ||    10
  Use: Scroll            |       |     6 |     2 ||     8
       Potion            |       |     3 |     1 ||     4
 Stab: Sleeping          |     2 |     6 |     2 ||    10
Armor: Robe              |     9 |    42 |    10 ||    61
       Skin              |       |    17 |       ||    17
       Leather armour    |       |       |    12 ||    12
Dodge: Dodged            |    47 |   133 |   104 ||   284
